 Dungeon Crawl Stone Soup version 0.26.1-10-gdfb7c7de75 (webtiles) character file.

Game seed: 5277647279045419417

466 phalm the Ducker (level 6, -2/32 HPs)
             Began as a Spriggan Artificer on Apr 6, 2021.
             Was an Initiate of Gozag.
             Killed from afar by a white imp (7 damage)
             ... with a puff of frost
             ... on level 6 of the Dungeon.
             The game lasted 00:08:53 (4518 turns).

phalm the Ducker (Spriggan Artificer)               Turns: 4518, Time: 00:08:54

Health: -2/32      AC:  3    Str:  8    XL:     6   Next: 81%
Magic:  7/7        EV: 26    Int: 13    God:    Gozag
Gold:   174        SH:  5    Dex: 18    Spells: 5/5 levels left

rFire    . . .     SeeInvis +   a - +0 dagger
rCold    . . .     Faith    .   (shield restricted)
rNeg     . . .     Spirit   .   b - +0 robe
rPois    .         Reflect  +   (helmet restricted)
rElec    .         Harm     .   l - +0 cloak
rCorr    .         Rampage  .   (gloves unavailable)
Will     +....                  (boots unavailable)
Stlth    ++++......             j - amulet of reflection
HPRegen  0.10/turn              u - ring of stealth
MPRegen  0.10/turn              w - +4 ring of evasion (curse)

@: very quick
A: very small, unfitting armour, see invisible, speed 3
a: Renounce Religion, Potion Petition, Call Merchant, Bribe Branch


You were on level 6 of the Dungeon.
You worshipped Gozag.
Gozag was aware of your devotion.
You visited 1 branch of the dungeon, and saw 5 of its levels.

You collected 208 gold pieces.
You paid 34 gold pieces to Gozag.

Inventory:

Hand Weapons
 a - a +0 dagger (weapon)
Missiles
 h - 124 stones
 r - 59 sling bullets
Armour
 b - a +0 robe (worn)
 l - a +0 cloak (worn)
Jewellery
 j - an amulet of reflection (around neck)
 u - a ring of stealth (left hand)
 w - a cursed +4 ring of evasion (right hand)
Wands
 d - a wand of enslavement (8)
Scrolls
 f - 2 scrolls of identify {unknown}
 g - a scroll of random uselessness {unknown}
 i - a scroll of amnesia {unknown}
 n - a scroll of magic mapping {unknown}
 o - a scroll of remove curse {unknown}
 q - a scroll of enchant armour {unknown}
 t - a scroll of fear {unknown}
Potions
 c - 2 potions of degeneration {unknown}
 k - a potion of might {unknown}
 m - 3 potions of curing {unknown}
 p - a potion of haste {unknown}
 s - a potion of ambrosia {unknown}
 v - 2 potions of flight {unknown}
 x - 2 potions of berserk rage {unknown}


   Skills:
 + Level 2.8 Fighting
 + Level 6.2 Dodging
 + Level 5.7 Stealth
 + Level 6.1 Evocations


You had 5 spell levels left.
You didn't know any spells.
Your spell library was empty.

Dungeon Overview and Level Annotations

Branches:
Dungeon (6/15)
 Temple: D:4-7

Altars:
Elyvilon
Gozag
Trog
Vehumet
Xom
The Shining One


Innate Abilities, Weirdness & Mutations

You are very small and have problems with some larger weapons.
You are too small for most types of armour.
You have supernaturally acute eyesight. (SInv)
You cover ground extremely quickly.


Message History

The white imp hits you. The white imp freezes you.
You are too injured to fight recklessly!
You are too injured to fight recklessly!
You are too injured to fight recklessly!
You are too injured to fight recklessly!
You are too injured to fight recklessly!
You closely miss the white imp.
The white imp is lightly wounded.
The white imp gestures at you. The puff of frost hits you!
* * * LOW HITPOINT WARNING * * *
You hit the white imp but do no damage.
The white imp is lightly wounded.
The white imp completely misses you.
You closely miss the white imp.
The white imp is lightly wounded.
The white imp gestures at you. The puff of frost hits you!
You die...
Your body crumbles into a pile of gold.

#.#.#####.# #
##..# #.# ###.
#.### #.# ...
#.#.### #.#
...###...# #.#
#.###.#.# #.#
#...##.## #.#
#.#####.##...###.#
.......<.@5......#
#.#.######...#####
##.## #.# #.# $
#.# #.# #. $


You could see a white imp.

Vanquished Creatures
  Grinder (D:3)
  A sky beast (D:2)
  A scorpion (D:2)
  An iguana (D:5)
  5 adders
  An ooze (D:2)
  A worm (D:3)
  A dart slug (D:2)
  A leopard gecko (D:2)
  2 orcs
  A ball python (D:1)
  8 goblins
  6 hobgoblins
  2 jackals (D:2)
  A quokka (D:2)
  8 bats
  2 frilled lizards
  4 kobolds
  4 rats
51 creatures vanquished.

Vanquished Creatures (collateral kills)
  A giant cockroach (D:3)
  A hobgoblin (D:3)
2 creatures vanquished.

Vanquished Creatures (others)
  An orc wizard (D:5)
  An orc (D:5)
  A hobgoblin (D:3)
3 creatures vanquished.

Grand Total: 56 creatures vanquished

Notes
Turn   | Place    | Note
-------+----------+-------------------------------------------
     0 | D:1      | phalm the Spriggan Artificer began the quest for the Orb.
     0 | D:1      | Reached XP level 1. HP: 9/9 MP: 2/2
   652 | D:1      | Reached skill level 1 in Fighting
   971 | D:1      | Reached XP level 2. HP: 14/14 MP: 3/3
  1634 | D:2      | Reached XP level 3. HP: 18/18 MP: 4/4
  2129 | D:2      | Found a shimmering altar of Xom.
  2129 | D:2      | Found a glowing golden altar of the Shining One.
  2273 | D:2      | Found a bloodstained altar of Trog.
  2424 | D:3      | Noticed a sky beast
  2426 | D:3      | Noticed Grinder
  2624 | D:2      | Killed a sky beast
  2625 | D:2      | Reached skill level 5 in Dodging
  2625 | D:2      | Reached skill level 5 in Evocations
  2625 | D:2      | Reached XP level 4. HP: 23/23 MP: 5/5
  2625 | D:2      | Reached XP level 5. HP: 26/26 MP: 6/6
  3039 | D:3      | Found an opulent altar of Gozag.
  3184 | D:3      | Became a worshipper of Gozag Ym Sagoz the Greedy
  3635 | D:3      | Paralysed by Grinder for 4 turns
  3676 | D:3      | Killed Grinder
  3677 | D:3      | Reached skill level 5 in Stealth
  3677 | D:3      | Reached XP level 6. HP: 18/32 MP: 7/7
  3959 | D:3      | Found a radiant altar of Vehumet.
  3965 | D:3      | Found a white marble altar of Elyvilon.
  4180 | D:3      | You fall into a shaft and drop 3 floors!
  4228 | D:5      | Entered Level 5 of the Dungeon
  4518 | D:6      | Killed from afar by a white imp

Illustrated notes

Levels and vault maps discovered:
D:1:      dpeg_arrival_three_same_balls, layout_basic
D:2:      layout_rooms, marbit_many_paths, gammafunk_temple_overflow_wave
D:3:      layout_rooms, nicolae_gozag_cash_rules_everything_around_me,
          minitemple, uniq_grinder
D:5:      layout_basic
D:6:      layout_loops_ring

Skill      XL: |  1  2  3  4  5 |
---------------+----------------+-----
Fighting       | 1 2 |  2.8
Stealth        | 2 4 5 |  5.7
Dodging        | 4 5 6 |  6.2
Evocations     | 5 6 |  6.1

Action                   |  1- 3 |  4- 6 || total
-------------------------+-------+-------++-------
Melee: Whip              |    93 |       ||    93
       Club              |     1 |       ||     1
       Dagger            |    31 |   178 ||   209
Evoke: Wand              |    15 |    22 ||    37
 Stab: Sleeping          |     4 |     6 ||    10
       Paralysed         |     2 |     2 ||     4
       Confused          |       |     1 ||     1
Armor: Robe              |    10 |    14 ||    24
Dodge: Dodged            |   135 |   112 ||   247
Block: Other             |     5 |    41 ||    46
